 Dungeon Crawl Stone Soup version 0.27.1-34-g3ba077fa99 (webtiles) character file.

Game seed: 12381228836195069858

14005 hawla the Destroyer (level 11, 0/86 HPs)
             Began as a Red Draconian Conjurer on Jan 10, 2022.
             Was a Follower of Vehumet.
             Slain by a troll (2 damage)
             ... on level 13 of the Dungeon on Jan 11, 2022.
             The game lasted 01:10:21 (19165 turns).

hawla the Destroyer (Red Draconian Conjurer)       Turns: 19165, Time: 01:10:23

Health: 0/86       AC: 13    Str: 11    XL:     11   Next: 83%
Magic:  4/23       EV: 12    Int: 21    God:    Vehumet [*.....]
Gold:   782        SH:  8    Dex:  9    Spells: 12/26 levels left

rFire    + . .     SeeInvis .   b - staff of air
rCold    + . .     Faith    .   n - +1 buckler
rNeg     + . .     Spirit   .   (armour unavailable)
rPois    .         Reflect  .   f - +2 hat
rElec    +         Harm     .   (no cloak)
rCorr    .         Rampage  .   j - +0 pair of gloves
Will     .....                  a - +2 pair of boots
Stlth    +.........             m - amulet of the acrobat
HPRegen  0.24/turn              e - ring of protection from cold
MPRegen  0.18/turn              k - ring of positive energy

@: very slow
A: breathe fire, AC +7, unfitting armour, fire resistance 1, cold-blooded,
antennae 1, stinger 1, large bone plates 1, sense surroundings 1
a: Breathe Fire, Renounce Religion


You were on level 13 of the Dungeon.
You worshipped Vehumet.
Vehumet was aware of your devotion.
You visited 2 branches of the dungeon, and saw 14 of its levels.
You visited the Abyss 1 time.

You collected 782 gold pieces.

Inventory:

Hand Weapons
 l - a +1 scimitar of flaming
 v - a +0 dagger of venom
Missiles
 d - 28 poisoned darts (quivered)
 h - 3 curare-tipped darts
 s - 5 boomerangs
 y - 4 javelins
Armour
 a - a +2 pair of boots (worn)
 f - a +2 hat (worn)
 j - a +0 pair of gloves (worn)
 n - a +1 buckler (worn)
Magical Staves
 b - a staff of air (weapon)
Jewellery
 c - a +4 ring of protection
 e - a ring of protection from cold (left hand)
 k - a ring of positive energy (right hand)
 m - an amulet of the acrobat (around neck)
 x - a ring of ice
Wands
 t - a wand of digging (3)
 u - a wand of flame (20)
Scrolls
 p - 4 scrolls of identify
Potions
 q - a potion of cancellation


   Skills:
 - Level 5.0 Fighting
 + Level 7.3 Staves
 - Level 1.6 Throwing
 - Level 4.4 Dodging
 - Level 4.2 Stealth
 + Level 1.8 Shields
 - Level 8.0 Spellcasting
 - Level 8.0 Conjurations
 + Level 7.5 Translocations
 + Level 2.9 Transmutations
 + Level 7.9 Fire Magic
 + Level 3.0 Air Magic
 + Level 3.0 Poison Magic
 - Level 1.0 Evocations


You had 12 spell levels left.
You knew the following spells:

 Your Spells              Type           Power      Damage    Failure   Level
a - Magic Dart            Conj           100%       1d8       1%          1
b - Searing Ray           Conj           84%        3d6       1%          2
c - Iskenderun's Mystic   Conj/Tloc      40%        2d9       4%          4
d - Foxfire               Conj/Fire      100%       2x1d9     1%          1
e - Mephitic Cloud        Conj/Pois/Air  42%        N/A       4%          3
f - Ignite Poison         Fire/Tmut/Pois 27%        N/A       4%          3

Your spell library contained the following spells:

 Spells                   Type           Power      Damage    Failure   Level
 Dazzling Flash           Conj/Hex       50%        N/A       6%          3
 Summon Small Mammal      Summ           32%        N/A       11%         1
 Fulminant Prism          Conj/Hex       12%        3d9       21%         4
 Bolt of Magma            Conj/Fire/Erth 15%        4d9       32%         5


Dungeon Overview and Level Annotations

Branches:
Dungeon (13/15)            Temple (1/1) D:5            Lair (0/6) D:11
    Orc (0/2) D:11
 Vaults: D:13-14

Altars:
Ashenzari
Cheibriados
Dithmenos
Elyvilon
Fedhas
Gozag
Hepliaklqana
Kikubaaqudgha
Makhleb
Nemelex Xobeh
Okawaru
Qazlal
Ru
Sif Muna
Trog
Uskayaw
Vehumet
Wu Jian
Xom
Yredelemnul
Zin
The Shining One

Shops:
D:3 *

Annotations:
D:6 Duvessa
D:10 Nergalle


Innate Abilities, Weirdness & Mutations

You can breathe blasts of fire.
Your fiery red scales are hard. (AC +7)
You cannot fit into any form of body armour.
Your flesh is heat resistant. (rF+)
You are cold-blooded and may be slowed by cold attacks.
You have a pair of small antennae on your head.
Your tail ends in a poisonous barb.
You are partially covered in large bone plates. (SH +4)
You passively map a small area around you.


Message History

Aiming: Paralyse
Press: ? - help, Shift-Dir - straight line, f/p - boulder beetle
Aim: a boulder beetle (moderately wounded, chance to affect: 31%)
Okay, then.
Aiming: Throw Flame
Press: ? - help, Shift-Dir - straight line, f/p - boulder beetle
Aim: a boulder beetle (moderately wounded, 100% to hit)
The puff of flame hits the boulder beetle.
The boulder beetle is heavily wounded.
The troll barely misses you. The troll claws you.
* * * LOW HITPOINT WARNING * * *
The troll claws you but does no damage.
The boulder beetle is engulfed in a cloud of scalding steam.
Aiming: Paralyse
Press: ? - help, Shift-Dir - straight line, f - troll, p - boulder beetle
Aim: a troll (chance to affect: 49%)
The troll resists with some effort.
The troll bites you but does no damage. The troll claws you but does no damage.
You block the troll's attack. The boulder beetle bites you!
* * * LOW HITPOINT WARNING * * *
Aiming: Paralyse
Press: ? - help, Shift-Dir - straight line, f/p - troll
Aim: a troll (chance to affect: 49%)
The troll resists with some effort.
The now-empty wand crumbles to dust.
The troll closely misses you. You block the troll's attack. x2
The boulder beetle misses you.
Unknown command.
You don't have any such object.
Evoke which item? (* to show all) (? for menu, Esc to quit)
You don't have any such object.
Evoke which item? (* to show all) (? for menu, Esc to quit)
Okay, then.
Aiming: Throw Flame
Press: ? - help, Shift-Dir - straight line, f/p - troll
Aim: a troll (68% to hit)
The puff of flame hits the troll.
The troll is lightly wounded.
The troll is engulfed in a cloud of scalding steam.
The troll bites you.
You die...

, , #≈###≈≈#B#
,,, ##≈# #≈##°# ,
** ##≈≈# #≈##≈#*
#≈≈≈# #≈##≈# ,*
#≈≈≈###≈##≈# , *
* #≈#≈≈####≈≈#,,
#≈#≈≈## #°≈#* , ,
####T≈# #≈≈#* *
#@≈# #≈## , #B≈#
#≈# #
#≈####)###..# ,*
##≈#....<(...#,
#≈≈#.........# *
##≈≈#........## *
*
##≈≈####...##....
#≈≈≈# #...# .....
* #.≈## ##.##
.≈..,


You could see a boulder beetle and a troll.

Vanquished Creatures
  A hydra (D:13)
  A boulder beetle (D:6)
  2 two-headed ogres
  Erica (D:8)
  Sonja (D:10)
  A cyclops (D:11)
  Maggie (D:6)
  Psyche (D:10)
  A kobold demonologist (D:9)
  A hornet (D:7)
  3 trolls
  A raiju (Abyss:1)
  2 shadows
  A large abomination (Abyss:1)
  11 yaks (D:9)
  A neqoxec (Abyss:1)
  A steam dragon (D:9)
  2 wyverns
  6 vampire mosquitoes
  An acid dragon (D:13)
  3 water moccasins
  5 orc warriors
  2 ice beasts
  2 sky beasts (D:8)
  A hornet zombie (D:6)
  2 ogres
  4 centaurs
  A kobold brigand (D:7)
  A phantom (D:6)
  4 bullfrogs
  Dowan (D:6)
  3 scorpions (D:6)
  7 killer bees (D:10)
  4 wights (D:7)
  3 centaur zombies
  A jelly (D:3)
  A bullfrog zombie (D:7)
  A quasit (Abyss:1)
  An iron imp (Abyss:1)
  4 orc priests
  3 bullfrog skeletons
  3 centaur skeletons
  3 gnoll shamans
  5 iguanas
  6 orc wizards
  4 howler monkey zombies
  Robin (D:2)
  14 gnolls
  A howler monkey skeleton (D:7)
  12 adders
  2 shadow imps
  2 white imps (D:7)
  2 dart slugs
  22 orcs
  8 endoplasms
  3 giant cockroaches
  10 goblins
  8 hobgoblins
  6 jackals
  5 quokkas
  8 ball pythons
  3 bats
  7 frilled lizards
  4 kobolds
  8 rats
241 creatures vanquished.

Vanquished Creatures (collateral kills)
  An orc warrior (D:6)
  An orc wizard (D:6)
2 creatures vanquished.

Vanquished Creatures (others)
  50 foxfires
  3 fungi (D:1)
  18 plants
71 creatures vanquished.

Grand Total: 314 creatures vanquished

Notes
Turn   | Place    | Note
-------+----------+-------------------------------------------
     0 | D:1      | hawla the Draconian Conjurer began the quest for the Orb.
     0 | D:1      | Reached XP level 1. HP: 14/14 MP: 3/3
   352 | D:1      | Reached XP level 2. HP: 7/22 MP: 0/5
   355 | D:1      | Learned a level 2 spell: Searing Ray
   684 | D:1      | Reached skill level 1 in Fighting
   703 | D:1      | Reached skill level 1 in Translocations
  1434 | D:1      | Reached XP level 3. HP: 19/28 MP: 6/6
  1646 | D:1      | Found a faded altar of an unknown god.
  1650 | D:1      | Got Plato's Volume of Companions
  1872 | D:2      | Noticed Robin
  1898 | D:2      | Killed Robin
  2396 | D:2      | Reached XP level 4. HP: 30/36 MP: 3/7
  2401 | D:2      | Learned a level 4 spell: Iskenderun's Mystic Blast
  3236 | D:2      | Found a hazy altar of Hepliaklqana.
  3369 | D:3      | Found a large runed translucent door.
  3369 | D:3      | Found a large runed translucent door.
  3560 | D:3      | Noticed an ogre
  3580 | D:3      | Killed an ogre
  3581 | D:3      | Reached skill level 5 in Conjurations
  3581 | D:3      | Reached XP level 5. HP: 33/45 MP: 0/9
  3957 | D:3      | Found Tuic's Assorted Antiques.
  4302 | D:3      | Reached XP level 6. HP: 30/51 MP: 2/10
  5000 | D:3      | Found a sparkling altar of Nemelex Xobeh.
  5017 | D:3      | Found a snail-covered altar of Cheibriados.
  5352 | D:4      | Found a hazy altar of Hepliaklqana.
  5391 | D:4      | Reached skill level 1 in Staves
  5475 | D:4      | Noticed a +0 falchion
  5476 | D:4      | Noticed a +0 dagger
  5476 | D:4      | Noticed a +0 short sword
  5476 | D:4      | Noticed a +0 short sword
  5476 | D:4      | Noticed a +0 dagger
  5477 | D:4      | Noticed a +0 spear
  5477 | D:4      | Noticed a +0 falchion
  5478 | D:4      | Noticed a +0 spear
  5490 | D:4      | Found a hide-covered altar of Uskayaw.
  5592 | D:4      | Your scales start taking on a fiery red colour.
  5592 | D:4      | Reached XP level 7. HP: 48/57 MP: 2/12
  5592 | D:4      | Gained mutation: Your flesh is heat resistant. (rF+) [Red
                  | Draconian growth]
  5876 | D:5      | Entered Level 5 of the Dungeon
  6620 | D:5      | Found a staircase to the Ecumenical Temple.
  6745 | Temple   | Entered the Ecumenical Temple
  6895 | Temple   | Became a worshipper of Vehumet
  7252 | D:6      | Noticed Maggie
  7746 | D:6      | Reached XP level 8. HP: 66/66 MP: 1/14
  7946 | D:6      | Killed Maggie
  8416 | D:6      | Found an iron altar of Okawaru.
  8417 | D:6      | Found a basalt altar of Yredelemnul.
  8910 | D:6      | Reached skill level 5 in Spellcasting
  8948 | D:6      | Noticed Duvessa
  8968 | D:6      | Noticed a boulder beetle
  9079 | D:6      | Killed a boulder beetle
  9080 | D:6      | Reached skill level 5 in Fighting
  9080 | D:6      | Reached skill level 1 in Throwing
  9080 | D:6      | Reached XP level 9. HP: 67/74 MP: 1/17
  9218 | D:6      | Found a broken altar of Ashenzari.
  9416 | D:6      | Noticed Dowan
  9424 | D:6      | Killed Dowan
  9626 | D:7      | Gained mutation: You are frail. (-10% HP) [potion of
                  | mutation]
  9626 | D:7      | Gained mutation: You have a pair of small antennae on your
                  | head. [potion of mutation]
  9627 | D:7      | Lost mutation: You are frail. (-10% HP) [potion of
                  | mutation]
  9627 | D:7      | Lost mutation: You have a pair of small antennae on your
                  | head. [potion of mutation]
  9627 | D:7      | Gained mutation: You have a pair of small antennae on your
                  | head. [potion of mutation]
  9627 | D:7      | Gained mutation: You are partially covered in large bone
                  | plates. (SH +4) [potion of mutation]
  9627 | D:7      | Gained mutation: You passively map a small area around you.
                  | [potion of mutation]
  9627 | D:7      | Gained mutation: Your tail ends in a poisonous barb.
                  | [potion of mutation]
  9817 | D:7      | Reached skill level 1 in Fire Magic
 10765 | D:7      | Reached * piety under Vehumet
 10765 | D:7      | Offered knowledge of Foxfire by Vehumet.
 11005 | D:7      | Learned a level 1 spell: Foxfire
 11262 | D:8      | Reached XP level 10. HP: 79/81 MP: 11/19
 11453 | D:8      | Noticed a two-headed ogre
 11476 | D:8      | Killed a two-headed ogre
 11477 | D:8      | Reached skill level 5 in Translocations
 11957 | D:8      | Reached skill level 5 in Staves
 12453 | D:8      | Noticed Erica
 12467 | D:8      | Killed Erica
 12468 | D:8      | Reached skill level 5 in Fire Magic
 13675 | D:9      | Noticed a smoke demon
 13935 | D:9      | Reached XP level 11. HP: 80/86 MP: 9/22
 14367 | D:10     | Entered Level 10 of the Dungeon
 14404 | D:10     | Learned a level 3 spell: Mephitic Cloud
 14681 | D:10     | Noticed Psyche
 14690 | D:10     | Killed Psyche
 14849 | D:10     | Learned a level 3 spell: Ignite Poison
 15325 | D:10     | Reached skill level 1 in Evocations
 15508 | D:10     | Noticed a two-headed ogre
 15531 | D:10     | Killed a two-headed ogre
 15532 | D:10     | Reached skill level 1 in Transmutations
 15532 | D:10     | Reached skill level 1 in Air Magic
 15532 | D:10     | Reached skill level 1 in Poison Magic
 15647 | D:10     | Noticed Sonja
 15658 | D:10     | Killed Sonja
 16968 | D:11     | Found a staircase to the Orcish Mines.
 17191 | D:11     | Noticed Nergalle
 17382 | D:10     | Noticed a spectral orc warlord
 17386 | D:10     | Cast into level 1 of the Abyss (spectral orc warrior)
 17599 | Abyss:1  | Noticed a deep elf sorcerer
 17645 | Abyss:1  | Found a burning altar of Makhleb.
 17663 | D:10     | Escaped the Abyss
 17994 | D:11     | Reached skill level 1 in Shields
 18208 | D:11     | Found a staircase to the Lair.
 18322 | D:12     | Noticed a boulder beetle
 18440 | D:12     | Noticed a five-headed hydra
 18731 | D:12     | Noticed a deep elf pyromancer
 19112 | D:13     | Killed a one-headed hydra
 19118 | D:13     | Noticed a boulder beetle
 19163 | D:13     | HP: 2/86 [boulder beetle (8)]
 19165 | D:13     | Slain by a troll

Illustrated notes

Levels and vault maps discovered:
D:1:      dpeg_arrival_arbitrary_b, layout_rooms,
          shapermc_ecumenical_altar_rom_forum
D:2:      layout_basic, basic_altar, small_statue_intersection, uniq_robin
D:3:      wad_lake_hut, layout_basic, jmf_multi_god_temple2, serial_shops, shop
D:4:      layout_rooms, mainiacjoe_overflow_paths, nicolae_uskayaw_en_pointe,
          minmay_misc_feat_five
D:5:      layout_gridville, temple_hall, hangedman_decor_lopped
D:6:      layout_rooms, mainiacjoe_overflow_cross_hatched, jmf_multi_god_temple,
          uniq_maggie, uniq_duvessa
D:7:      layout_gridville, kennysheep_generic_room_6
D:8:      layout_cave_pools, minmay_misc_feat_plants, patterned_corridor,
          uniq_erica
D:9:      layout_small_grid
D:10:     layout_basic, uniq_psyche, uniq_sonja
D:11:     layout_rooms, lair_entry_dummy, orc_0_dummy, uniq_nergalle
D:12:     layout_cave_pools, st_stairs_7
D:13:     layout_loops_ring, erik_vaults_1, serial_rivers,
          chequers_serial_rivers_room_b, chequers_serial_rivers_micro_e,
          chequers_serial_rivers_large_b, chequers_serial_rivers_micro_e,
          serial_shops, shop
Temple:   regret_index_temple_waves

Skill      XL: |  1  2  3  4  5  6  7  8  9 10 11 |
---------------+----------------------------------+-----
Fighting       | 1 3 5 |  5.0
Translocations | 1 2 3 4 6 7 |  7.5
Spellcasting   | 3 4 5 6 7 8 |  8.0
Conjurations   | 5 6 7 8 |  8.0
Dodging        | 2 3 4 |  4.4
Stealth        | 2 3 4 |  4.2
Staves         | 1 2 3 4 6 7 |  7.3
Throwing       | 1 |  1.6
Fire Magic     | 3 6 7 |  7.9
Evocations     | 1 |  1.0
Transmutations | 2 |  2.9
Air Magic      | 3 |  3.0
Poison Magic   | 3 |  3.0
Shields        | 1 |  1.8

Action                   |  1- 3 |  4- 6 |  7- 9 | 10-12 || total
-------------------------+-------+-------+-------+-------++-------
Melee: Unarmed           |     9 |       |       |       ||     9
       Tailslap          |     5 |     5 |    15 |     7 ||    32
       Staff             |    84 |   102 |   128 |    86 ||   400
       Scimitar          |       |       |       |     6 ||     6
       Dagger            |       |       |       |     1 ||     1
Throw: Dart              |       |     6 |    18 |    72 ||    96
       Boomerang         |       |       |       |     5 ||     5
 Cast: Magic Dart        |    18 |     2 |     8 |     2 ||    30
       Searing Ray       |    13 |    33 |    45 |    49 ||   140
       Iskenderun's Myst |       |     3 |    27 |   109 ||   139
       Foxfire           |       |       |     5 |    21 ||    26
       Mephitic Cloud    |       |       |       |    14 ||    14
       Ignite Poison     |       |       |       |     7 ||     7
 Abil: Breathe Fire      |       |       |    10 |    12 ||    22
Evoke: Wand              |       |       |       |    15 ||    15
  Use: Scroll            |     3 |     3 |    16 |     5 ||    27
       Potion            |       |       |     6 |    12 ||    18
 Stab: Sleeping          |     1 |     1 |     1 |       ||     3
       Distracted        |       |     1 |       |       ||     1
       Confused          |       |       |       |     1 ||     1
Armor: Skin              |    34 |    56 |    83 |   182 ||   355
Dodge: Dodged            |    86 |    87 |   132 |   191 ||   496
Block: Other             |       |       |    18 |       ||    18
       Buckler           |       |       |       |   113 ||   113
       Rpst.: Scimitar   |       |       |       |     1 ||     1
